 Dungeon Crawl Stone Soup version 0.26-a0-1026-g544776af23 (webtiles) character file.

Game seed: 7468227407149755764

4046 hotbaconsauce2 the Severer (level 10, -2/84 HPs)
             Began as a Hill Orc Fighter on Dec 10, 2020.
             Was a Follower of Makhleb.
             Slain by Tarl's ghost (13 damage)
             ... on level 7 of the Dungeon.
             The game lasted 00:21:27 (10859 turns).

hotbaconsauce2 the Severer (Hill Orc Fighter)      Turns: 10859, Time: 00:21:28

Health: -2/84      AC: 14    Str: 23    XL:     10   Next: 24%
Magic:  10/10      EV:  8    Int:  8    God:    Makhleb [*.....]
Gold:   435        SH:  9    Dex: 10    Spells: 7/9 levels left

rFire    . . .     SeeInvis .   a - +3 hand axe
rCold    + . .     Faith    .   c - +0 kite shield
rNeg     . . .     Spirit   .   w - +2 ring mail {rC+}
rPois    .         Reflect  .   (no helmet)
rElec    .         Harm     .   k - +0 cloak
rCorr    +         Rampage  .   C - +1 pair of gloves {archery}
Will     .....                  (no boots)
Stlth    ..........             (no amulet)
HPRegen  0.24/turn              (no ring)
MPRegen  0.12/turn              t - ring of resist corrosion

@: no status effects
A: claws 1, icy blue scales 1, shaggy fur 1
a: Renounce Religion


You were on level 7 of the Dungeon.
You worshipped Makhleb.
Makhleb was aware of your devotion.
You visited 2 branches of the dungeon, and saw 9 of its levels.
You also visited: Sewer.

You collected 480 gold pieces.
You spent 45 gold pieces at shops.

Inventory:

Hand Weapons
 a - a +3 hand axe (weapon)
   (You took it off an orc on level 6 of the Dungeon)
 b - a +2 shortbow of flaming
   (You took it off a centaur on level 8 of the Dungeon)
Missiles
 o - 192 stones (quivered)
 u - 4 silver javelins
 v - 109 arrows
Armour
 c - a +0 kite shield (worn)
 k - a +0 cloak (worn)
   (You found it on level 1 of the Dungeon)
 w - a +2 ring mail of cold resistance (worn)
   (You found it on level 4 of the Dungeon)
 C - a +1 pair of gloves of archery (worn)
   (You found it on level 8 of the Dungeon)
Magical Staves
 q - an uncursed staff of poison {unknown}
   (You found it on level 7 of the Dungeon)
Jewellery
 r - an uncursed ring of wizardry {Wiz+, !d}
   (You found it on level 3 of the Dungeon)
 t - a ring of resist corrosion (right hand)
   (You found it on level 5 of the Dungeon)
Wands
 z - a wand of acid (4)
   (You found it on level 6 of the Dungeon)
Scrolls
 d - a scroll of fear {unknown}
 f - 11 scrolls of identify {unknown}
 g - 4 scrolls of teleportation {unknown}
 m - 2 scrolls of enchant weapon {unknown}
 p - 7 scrolls of remove curse
 s - a scroll of immolation {unknown}
 x - a scroll of noise {unknown}
 y - a scroll of magic mapping {unknown}
 A - a scroll of blinking {unknown}
Potions
 e - 6 potions of flight
 h - a potion of attraction {unknown}
 i - 7 potions of curing
 j - a potion of invisibility
 l - a potion of resistance
 n - a potion of mutation {!q}
 B - 3 potions of heal wounds


   Skills:
 + Level 6.6 Fighting
 + Level 15.9 Axes
 + Level 1.7 Bows
 - Level 3.2 Armour
 - Level 3.2 Shields
 - Level 3.0 Translocations


You had 7 spell levels left.
You knew the following spells:

 Your Spells              Type           Power        Failure   Level
b - Blink                 Tloc           N/A          80%         2

Your spell library contained the following spells:

 Spells                   Type           Power        Failure   Level
 Magic Dart               Conj           #...         97%         1
 Call Imp                 Summ           #.......     99%         2
 Slow                     Hex            #.......     99%         2
 Conjure Flame            Conj/Fire      #.......     100%        3
 Mephitic Cloud           Conj/Pois/Air  #.......     100%        3


Dungeon Overview and Level Annotations

Branches:
Dungeon (8/15)             Temple (1/1) D:7           Sewer (visited)
   Lair: D:8-11

Altars:
Ashenzari
Cheibriados
Dithmenos
Elyvilon
Fedhas
Gozag
Hepliaklqana
Kikubaaqudgha
Makhleb
Nemelex Xobeh
Okawaru
Qazlal
Ru
Sif Muna
Trog
Uskayaw
Vehumet
Wu Jian
Xom
Yredelemnul
Zin
The Shining One

Shops:
D:5 !

Annotations:
D:7 Tarl's ghost, novice DsBe


Innate Abilities, Weirdness & Mutations

You have sharp fingernails.
You are partially covered in icy blue scales. (AC +2)
You are covered in fur. (AC +1)


Message History

Tarl's ghost is nearby!
Tarl's ghost is nearby!
You throw a stone.
Tarl's ghost turns its malevolent gaze towards you.
The stone hits Tarl's ghost but does no damage.
Something shouts, "Give up, thou jarring swag-bellied cross-patch!"
You hear a shout!
Unknown command.
You throw a stone.
The stone hits Tarl's ghost but does no damage.
You throw a stone.
The stone hits Tarl's ghost but does no damage.
You throw a stone.
The stone hits Tarl's ghost but does no damage.
You throw a stone.
The stone completely misses Tarl's ghost.
You hit Tarl's ghost. You hit Tarl's ghost but do no damage.
Tarl's ghost hits you but does no damage.
You hit Tarl's ghost but do no damage. Tarl's ghost hits you.
You are electrocuted!
You take 10 damage, and have 71/84 hp.
You closely miss Tarl's ghost. You block Tarl's ghost's attack.
You barely miss Tarl's ghost. You hit Tarl's ghost but do no damage.
Tarl's ghost hits you.
You take 3 damage, and have 68/84 hp.
Unknown command.
You hit Tarl's ghost but do no damage. You block Tarl's ghost's attack.
Unknown command.
You closely miss Tarl's ghost. You barely miss Tarl's ghost.
You block Tarl's ghost's attack.
You closely miss Tarl's ghost. Tarl's ghost hits you.
You are electrocuted!!
You take 26 damage, and have 42/84 hp.
MASSIVE DAMAGE!!
Your shield and ring mail prevent you from hitting Tarl's ghost.
You slash Tarl's ghost! You block Tarl's ghost's attack.
You barely miss Tarl's ghost.
Tarl's ghost hits you but does no damage.
You are electrocuted!
You take 13 damage, and have 30/84 hp.
You hit Tarl's ghost but do no damage.
There is an open translucent gate here.
You block Tarl's ghost's attack.
There is a stone staircase leading up here.
Tarl's ghost hits you!
* * * LOW HITPOINT WARNING * * *
You climb upwards.
There is a stone staircase leading down here.
You take 12 damage, and have 21/84 hp.
Tarl's ghost screams in joy, "As in life, so in death: Kill!
Kill!!
Kill!!!"
Okay, then.
You fade into invisibility!
Tarl's ghost hits you but does no damage.
You are very lightly contaminated with residual magic.
Things that are here:
a +0 whip; a +0 spear
There is a stone staircase leading up here.
Tarl's ghost yells, "Who would have thought, even in death it is a pleasure to sever!"
You block Tarl's ghost's attack.
You climb upwards.
There is a stone staircase leading down here.
You hit Tarl's ghost but do no damage. You block Tarl's ghost's attack.
You closely miss Tarl's ghost. Tarl's ghost hits you.
* * * LOW HITPOINT WARNING * * *
You barely miss Tarl's ghost.
You flicker for a moment.
You take 6 damage, and have 19/84 hp.
It was a potion of heal wounds.
You feel much better. You block Tarl's ghost's attack.
You regained 24 hp, and now have 43/84 hp.
You hit Tarl's ghost. You block Tarl's ghost's attack.
You hit Tarl's ghost. Tarl's ghost barely misses you.
You barely miss Tarl's ghost. You hit Tarl's ghost but do no damage.
Tarl's ghost barely misses you.
You hit Tarl's ghost but do no damage. You block Tarl's ghost's attack.
You completely miss Tarl's ghost. You block Tarl's ghost's attack.
You closely miss Tarl's ghost.
You flicker back into view.
You closely miss Tarl's ghost. Tarl's ghost hits you!
You are electrocuted!
* * * LOW HITPOINT WARNING * * *
You take 25 damage, and have 19/84 hp.
MASSIVE DAMAGE!!
Tarl's ghost hits you.
* * * LOW HITPOINT WARNING * * *
You climb downwards.
There is a stone staircase leading up here.
It was a potion of mutation.
You feel extremely strange.
Your fingernails lengthen.
Fur sprouts all over your body.
Icy blue scales grow over part of your body.
Tarl's ghost hits you but does no damage.
Tarl's ghost yells, "Who would have thought, even in death it is a pleasure to sever!"
You hit Tarl's ghost but do no damage.
Your magical contamination has completely faded away.
You hit Tarl's ghost. You block Tarl's ghost's attack.
You hit Tarl's ghost but do no damage. Tarl's ghost hits you!
* * * LOW HITPOINT WARNING * * *
You are electrocuted!
You die...

##.####.#.# #.# #.#
.....##.#.# #.# #.#
......#.#.# #.# #.#
......#.#.# #.# #.#
.._.....#.###.#######.#
......#[#..>#.........#
......#..[.)).#########
.....##.###.#.###)##
##.####.# #.#.##@#.##
........# #.#...# #.#
#.###########.#
#####.............#
......#############


You could see Tarl's ghost.

Vanquished Creatures
  Pikel (D:5)
  Duvessa (D:5)
  A black bear (D:8)
  A sky beast (D:8)
  2 orc warriors (D:8)
  A phantom (D:4)
  3 ice beasts (D:8)
  5 ogres
  4 centaurs
  2 lemures (D:5)
  A bullfrog (D:8)
  2 big kobolds
  3 scorpions
  Dowan (D:5)
  6 killer bees (D:7)
  7 wights
  A howler monkey (D:8)
  A bullfrog zombie (D:7)
  2 jellies
  4 bullfrog skeletons
  5 hounds
  Crazy Yiuf (D:6)
  Jessica (D:2)
  3 iguanas
  4 orc wizards
  2 worker ants (D:4)
  A bullfrog simulacrum (D:8)
  A worker ant zombie (D:5)
  8 gnolls
  A howler monkey skeleton (D:6)
  9 adders
  A river rat (D:3)
  A shadow imp (D:8)
  3 white imps
  An ufetubus (D:8)
  An ooze (D:1)
  An adder zombie (D:6)
  2 worms
  2 leopard geckos
  23 orcs
  7 bats
  7 giant cockroaches
  11 goblins
  5 hobgoblins
  4 jackals
  19 kobolds
  5 quokkas
  A ball python (D:3)
  2 frilled lizards
  A leopard gecko skeleton (D:6)
  13 rats
195 creatures vanquished.

Notes
Turn   | Place    | Note
-------+----------+-------------------------------------------
     0 | D:1      | hotbaconsauce2 the Hill Orc Fighter began the quest for the
                  | Orb.
     0 | D:1      | Reached XP level 1. HP: 19/19 MP: 1/1
    74 | D:1      | Reached skill level 3 in Axes
   224 | D:1      | Reached XP level 2. HP: 26/26 MP: 2/2
   318 | D:1      | Reached skill level 4 in Axes
   661 | D:2      | Reached XP level 3. HP: 31/31 MP: 3/3
   794 | D:2      | Reached skill level 5 in Axes
  1380 | D:2      | Noticed Jessica
  1386 | D:2      | HP: 6/31 [Jessica/nerve-wracking pain (11)]
  1388 | D:2      | Killed Jessica
  1389 | D:2      | Reached skill level 6 in Axes
  1389 | D:2      | Reached XP level 4. HP: 8/39 MP: 4/4
  1666 | D:2      | Found a shimmering blue altar of Sif Muna.
  2019 | D:3      | HP: 7/39 [gnoll/+0 whip (9)]
  2021 | D:3      | Reached XP level 5. HP: 8/45 MP: 5/5
  2021 | D:3      | HP: 3/45 [gnoll/+0 whip (6)]
  2315 | D:3      | Found a glowing drain.
  2325 | D:3      | Reached skill level 7 in Axes
  2346 | Sewer    | Entered a sewer
  2505 | Sewer    | Noticed a big kobold
  2523 | Sewer    | Killed a big kobold
  2524 | Sewer    | Reached skill level 8 in Axes
  2621 | Sewer    | Reached XP level 6. HP: 44/51 MP: 6/6
  2658 | Sewer    | Found a white marble altar of Elyvilon.
  3339 | D:4      | Reached skill level 9 in Axes
  3474 | D:4      | Reached XP level 7. HP: 46/57 MP: 7/7
  3666 | D:4      | Reached skill level 10 in Axes
  3836 | D:4      | Reached skill level 11 in Axes
  4229 | D:4      | Found a glowing golden altar of the Shining One.
  4415 | D:5      | Entered Level 5 of the Dungeon
  4426 | D:5      | Noticed Dowan
  4426 | D:5      | Noticed Duvessa
  4486 | D:5      | Reached XP level 8. HP: 64/64 MP: 8/8
  4541 | D:5      | Killed Dowan
  4571 | D:5      | HP: 12/64 [Duvessa/+0 short sword (9)]
  4579 | D:5      | HP: 9/64 [Duvessa/+0 short sword (2)]
  4579 | D:5      | HP: 4/64 [Duvessa/+0 short sword (5)]
  4581 | D:5      | Killed Duvessa
  4582 | D:5      | Reached skill level 12 in Axes
  5230 | D:5      | Noticed Pikel
  5259 | D:5      | Killed Pikel
  5260 | D:5      | Reached skill level 13 in Axes
  5598 | D:5      | Reached skill level 14 in Axes
  5598 | D:5      | Reached XP level 9. HP: 52/70 MP: 9/9
  5758 | D:5      | Found Wufioh's Distillery.
  5767 | D:5      | Bought a potion of curing for 45 gold pieces
  6560 | D:6      | Found a runed translucent door.
  6561 | D:6      | Noticed Crazy Yiuf
  6808 | D:6      | Found a sparkling altar of Nemelex Xobeh.
  7045 | D:6      | Reached skill level 15 in Axes
  7049 | D:6      | HP: 16/70 [wight/cursed +5 halberd (12)]
  7051 | D:6      | HP: 6/70 [wight/cursed +5 halberd (3)]
  7055 | D:6      | Found a broken altar of Ashenzari.
  7363 | D:6      | Learned a level 2 spell: Blink
  7367 | D:6      | Found a sacrificial altar of Ru.
  7367 | D:6      | Found an ornate altar of the Wu Jian Council.
  7371 | D:6      | Found a shadowy altar of Dithmenos.
  7708 | D:6      | Killed Crazy Yiuf
  7934 | D:7      | Reached skill level 4 in Fighting
  7938 | D:7      | Reached skill level 1 in Translocations
  7938 | D:7      | Found a basalt altar of Yredelemnul.
  8232 | D:7      | HP: 18/72 [poisoned by a killer bee]
  8237 | D:7      | HP: 14/72 [poisoned by a killer bee]
  8244 | D:7      | HP: 11/72 [killer bee (8)]
  8249 | D:7      | HP: 17/72 [poisoned by a killer bee]
  8262 | D:7      | HP: 18/72 [killer bee (5)]
  8270 | D:7      | HP: 15/73 [poisoned by a killer bee]
  8278 | D:7      | HP: 15/73 [poisoned by a killer bee]
  8435 | D:7      | Reached skill level 2 in Translocations
  8697 | D:7      | Reached skill level 5 in Fighting
  8712 | D:7      | Found a staircase to the Ecumenical Temple.
  8746 | Temple   | Entered the Ecumenical Temple
  8828 | Temple   | Became a worshipper of Makhleb the Destroyer
  9137 | D:7      | Found an iron altar of Okawaru.
  9414 | D:8      | Reached XP level 10. HP: 44/83 MP: 10/10
  9569 | D:8      | Reached * piety under Makhleb
  9730 | D:8      | Noticed Tarl's ghost (novice DsBe)
  9800 | D:8      | Found a runed translucent gate.
  9800 | D:8      | Found a runed translucent gate.
  9800 | D:8      | Found a runed translucent gate.
  9955 | D:8      | Found a hide-covered altar of Uskayaw.
  9966 | D:8      | Reached skill level 6 in Fighting
  9966 | D:8      | Reached skill level 3 in Translocations
 10197 | D:8      | Reached skill level 1 in Bows
 10331 | D:8      | Found a snail-covered altar of Cheibriados.
 10331 | D:8      | Found an ancient bone altar of Kikubaaqudgha.
 10824 | D:8      | HP: 21/84 [Tarl's ghost (12)]
 10841 | D:6      | HP: 19/84 [Tarl's ghost (6)]
 10851 | D:6      | HP: 19/84 [Tarl's ghost (17)]
 10854 | D:7      | Gained mutation: You have sharp fingernails. [potion of
                  | mutation]
 10854 | D:7      | Gained mutation: You are covered in fur. (AC +1) [potion of
                  | mutation]
 10854 | D:7      | Gained mutation: You are partially covered in icy blue
                  | scales. (AC +2) [potion of mutation]
 10859 | D:7      | HP: 11/84 [Tarl's ghost (9)]
 10859 | D:7      | Slain by Tarl's ghost

Illustrated notes

Levels and vault maps discovered:
D:1:      lightli_arrival_maybe_door_vault, layout_basic, chequers_garden
D:2:      layout_loops_corners, lemuel_round_altar, uniq_jessica
D:3:      layout_rooms, portal_sewer_entry_a
D:4:      layout_gridville, lemuel_coloured_pillars_altar
D:5:      layout_basic, serial_curves, eino_curves_03, eino_curves_03,
          serial_shops, shop, uniq_pikel, uniq_duvessa
D:6:      layout_basic, chequers_temple_overflow_statue_of_worship,
          nemelex_spade_bored_becter, uniq_crazy_yiuf_cottage
D:7:      layout_loops_ring, old_standard_altar, okawaru_altar_gauntlet_db,
          minmay_temple_entry_drinking_statues
D:8:      layout_gridville, gammafunk_temple_overflow_elements,
          eat_drink_and_be_merry_uskayaw, gammafunk_ghost_icy
Temple:   jpeg_temple_clearing

Skill      XL: |  1  2  3  4  5  6  7  8  9 10 |
---------------+-------------------------------+-----
Axes           | 3 4 6 8 9 11 14 15 | 15.9
Fighting       | 5 6 |  6.6
Translocations | 2 3 |  3.0
Bows           | 1 |  1.7
Armour         | |  3.2
Shields        | |  3.2

Action                   |  1- 3 |  4- 6 |  7- 9 | 10-12 || total
-------------------------+-------+-------+-------+-------++-------
Melee: War axe           |   115 |   130 |   250 |       ||   495
       Hand axe          |       |       |   184 |   102 ||   286
Throw: Stone             |     1 |    51 |   168 |    41 ||   261
  Use: Potion            |       |       |     5 |     3 ||     8
       Scroll            |       |       |     1 |       ||     1
 Stab: Invisible         |       |       |     2 |       ||     2
Armor: Scale mail        |    44 |    72 |    27 |       ||   143
       Ring mail         |       |       |    88 |    20 ||   108
Dodge: Dodged            |    32 |    43 |   122 |    17 ||   214
Block: Kite shield       |    56 |    60 |   168 |    36 ||   320

Table legend: (Time is in decaauts)
 A = Elapsed time spent in this place.
 B = Non-inter-level travel time spent in this place.
 C = Inter-level travel time spent in this place.
 D = Time resting spent in this place.
 E = Time spent auto-exploring this place.
 F = Levels seen in this place.
 G = Mean time per level.
                   A        B        C        D        E       F      G
               +--------+--------+--------+--------+--------+-----+--------+
         Total |  10900 |  10555 |    345 |   1252 |   7456 |  10 | 1090.0 |
       Dungeon |  10385 |  10058 |    327 |   1150 |   7187 |   8 | 1298.1 |
        Temple |     97 |     79 |     18 |      0 |     78 |   1 |   97.0 |
         Sewer |    417 |    417 |      0 |    102 |    191 |   1 |  417.0 |
               +--------+--------+--------+--------+--------+-----+--------+

Top non-repeatable levels by time:
     D:6: 1680 daAuts
     D:5: 1613 daAuts
     D:8: 1445 daAuts
     D:7: 1398 daAuts
     D:4: 1391 daAuts
     D:2: 1325 daAuts
     D:3: 865 daAuts
     D:1: 665 daAuts
   Sewer: 417 daAuts
  Temple: 97 daAuts

Table legend:
 A = Kills in this place as a percentage of kills in entire the game.
 B = Kills by you in this place as a percentage of kills by you in the entire game.
 C = Kills by friends in this place as a percentage of kills by friends in the entire game.
 D = Other kills in this place as a percentage of other kills in the entire game.
 E = Experience gained in this place as a percentage of experience gained in the entire game.
 F = Experience gained in this place divided by the number of levels of this place that you have seen.
                   A       B       C       D       E      F
               +-------+-------+-------+-------+-------+----------------------
         Total | 100.0 | 100.0 |   N/A |   N/A | 100.0 | 578.0
       Dungeon |  94.3 |  94.3 |   N/A |   N/A |  98.2 | 709.5
         Sewer |   5.7 |   5.7 |   N/A |   N/A |   1.8 | 104.0
               +-------+-------+-------+-------+-------+----------------------
